SA
MT. VERNON BULLS @ WALLA WALLA WALLEYE
08/07/2020
 
TOP OF THE 1ST
Mt. Vernon Bulls batting - Pitching for Walla Walla Walleye : RHP Luis Villabos
Pitching: RHP Luis Villabos
Batting: RHB Ludovico Trezza 0-0: Foul Ball, location: 2F
0-1: Ball
1-1: SINGLE (Groundball, 6M)
Batting: RHB Albert Delgado 0-0: Called Strike
0-1: Fielders Choice at 2nd, 1-6 (Groundball, 15S)
Batting: LHB Yun Yen 0-0: Ball
Albert Delgado steals 2nd base
1-0: Called Strike
Albert Delgado steals 3rd base
1-1: Swinging Strike
1-2: Ball
2-2: SINGLE (Flyball, 7S)
Albert Delgado scores
Batting: LHB António Rivera 0-0: Ball
1-0: Called Strike
1-1: Fly out, F9 (Flyball, 9LM)
Batting: LHB Enrique Sánchez 0-0: Ball
1-0: Ball
2-0: Ball
3-0: Swinging Strike
3-1: SINGLE (Groundball, 6MD)
Yun Yen to second
Runner from 2nd tries for 3rd, SAFE, throw made to third
Batting: LHB Álex Ramírez 0-0: Ball
1-0: Ball
2-0: Ball
3-0: Base on Balls
Enrique Sánchez to second
Batting: RHB Orlando Padilla 0-0: Ball
1-0: Ball
2-0: Fielders Choice at 2nd, U6 (Groundball, 6M)
Top of the 1st over - 1 run(s), 3 hit(s), 0 error(s), 3 left on base; Mt. Vernon 1 - Walla Walla 0
BOTTOM OF THE 1ST
Walla Walla Walleye batting - Pitching for Mt. Vernon Bulls : RHP Júlio Rodríguez
Pitching: RHP Júlio Rodríguez
Batting: LHB César Muñóz 0-0: Ball
1-0: Called Strike
1-1: Ball
2-1: Hit by Pitch
Batting: LHB José Ríos 0-0: Ball
César Muñóz steals 2nd base
1-0: Called Strike
1-1: Swinging Strike
1-2: Strikes out looking
Batting: RHB Sake van Arem 0-0: Ground out 6-3 (Groundball, 56)
Batting: RHB Tony Farquharson 0-0: Ball
1-0: Called Strike
1-1: Ball
2-1: Called Strike
2-2: Hit by Pitch
Batting: RHB Emílio Ortíz 0-0: Foul Ball, location: 2F
0-1: Called Strike
0-2: Ball
1-2: Ball
2-2: Foul Ball, location: 2F
2-2: Strikes out swinging
Bottom of the 1st over - 0 run(s), 0 hit(s), 0 error(s), 2 left on base; Mt. Vernon 1 - Walla Walla 0
TOP OF THE 2ND
Mt. Vernon Bulls batting - Pitching for Walla Walla Walleye : RHP Luis Villabos
Batting: LHB Miguel García 0-0: Fly out, F9 (Flyball, 9M)
Batting: RHB Martín Álvarez 0-0: Ground out 6-3 (Groundball, 6M)
Batting: RHB Ludovico Trezza 0-0: Called Strike
0-1: Ball
1-1: Ball
2-1: DOUBLE (Line Drive, 7LS)
Batting: RHB Albert Delgado 0-0: Fly out, F6 (Line Drive, 6M)
Top of the 2nd over - 0 run(s), 1 hit(s), 0 error(s), 1 left on base; Mt. Vernon 1 - Walla Walla 0
BOTTOM OF THE 2ND
Walla Walla Walleye batting - Pitching for Mt. Vernon Bulls : RHP Júlio Rodríguez
Batting: LHB Miguel Zúñiga 0-0: Called Strike
0-1: Fly out, F9 (Flyball, 89M)
Batting: RHB Nelson Flores 0-0: Ball
1-0: Foul Ball, location: 2F
1-1: Ball
2-1: Foul Ball, location: 2F
2-2: Strikes out looking
Batting: LHB Eugene Henson 0-0: Ball
1-0: Called Strike
1-1: Ball
2-1: Called Strike
2-2: Ball
3-2: Base on Balls
Batting: RHB Luis Campos 0-0: Foul Ball, location: 2F
0-1: Ball
1-1: Ball
Eugene Henson steals 2nd base
2-1: Ball
3-1: Called Strike
3-2: Foul Ball, location: 2F
3-2: Foul Ball, location: 2F
3-2: Ground out 6-3 (Groundball, 6)
Bottom of the 2nd over - 0 run(s), 0 hit(s), 0 error(s), 1 left on base; Mt. Vernon 1 - Walla Walla 0
TOP OF THE 3RD
Mt. Vernon Bulls batting - Pitching for Walla Walla Walleye : RHP Luis Villabos
Batting: LHB Yun Yen 0-0: Called Strike
0-1: Foul Ball, location: 2F
0-2: Ball
1-2: Ball
2-2: Ball
3-2: Base on Balls
Batting: LHB António Rivera 0-0: Ball
1-0: Foul Ball, location: 2F
1-1: Called Strike
1-2: Fly out, F7 (Flyball, 78M)
Batting: LHB Enrique Sánchez 0-0: Called Strike
0-1: Foul Ball, location: 2F
0-2: Ball
1-2: DOUBLE (Groundball, 5L)
Yun Yen to third
Batting: LHB Álex Ramírez 0-0: Ball
1-0: Swinging Strike
1-1: Foul Ball, location: 2F
1-2: Ball
2-2: Ball
3-2: Base on Balls
Batting: RHB Orlando Padilla 0-0: Called Strike
0-1: Ball
1-1: Ball
2-1: SINGLE (Groundball, 25) (infield hit)
Yun Yen scores
Enrique Sánchez to third
Álex Ramírez to second
Batting: LHB Miguel García 0-0: Ball
1-0: Foul Ball, location: 2F
1-1: Foul Ball, location: 2F
1-2: Ball
2-2: Strikes out swinging
Batting: RHB Martín Álvarez 0-0: Foul Ball, location: 2F
0-1: Fielders Choice at 2nd, 6-4 (Groundball, 6)
Top of the 3rd over - 1 run(s), 2 hit(s), 0 error(s), 2 left on base; Mt. Vernon 2 - Walla Walla 0
BOTTOM OF THE 3RD
Walla Walla Walleye batting - Pitching for Mt. Vernon Bulls : RHP Júlio Rodríguez
Batting: LHB César Muñóz 0-0: Ball
1-0: Ball
2-0: Ball
3-0: Called Strike
3-1: Called Strike
3-2: Strikes out looking
Batting: LHB José Ríos 0-0: Ball
1-0: Fly out, F6 (Line Drive, 6)
Batting: RHB Sake van Arem 0-0: Swinging Strike
0-1: Ball
1-1: SINGLE (Groundball, 34D) (infield hit)
Batting: RHB Tony Farquharson 0-0: Called Strike
Sake van Arem steals 2nd base
0-1: Called Strike
0-2: Strikes out swinging
Bottom of the 3rd over - 0 run(s), 1 hit(s), 0 error(s), 1 left on base; Mt. Vernon 2 - Walla Walla 0
TOP OF THE 4TH
Mt. Vernon Bulls batting - Pitching for Walla Walla Walleye : RHP Luis Villabos
Batting: RHB Ludovico Trezza 0-0: Ball
1-0: Ground out 6-3 (Groundball, 56)
Batting: RHB Albert Delgado 0-0: Ball
1-0: Called Strike
1-1: Swinging Strike
1-2: Ball
2-2: Strikes out swinging
Batting: LHB Yun Yen 0-0: Called Strike
0-1: Ball
1-1: Ball
2-1: Called Strike
2-2: Fly out, F4 (Popup, 3D)
Top of the 4th over - 0 run(s), 0 hit(s), 0 error(s), 0 left on base; Mt. Vernon 2 - Walla Walla 0
BOTTOM OF THE 4TH
Walla Walla Walleye batting - Pitching for Mt. Vernon Bulls : RHP Júlio Rodríguez
Batting: RHB Emílio Ortíz 0-0: Called Strike
0-1: Swinging Strike
0-2: Strikes out swinging
Batting: LHB Miguel Zúñiga 0-0: Ball
1-0: Ball
2-0: Swinging Strike
2-1: Swinging Strike
2-2: SINGLE (Groundball, 3D)
Batting: RHB Nelson Flores 0-0: Grounds into double play, 5-4-3 (Groundball, 56)
Bottom of the 4th over - 0 run(s), 1 hit(s), 0 error(s), 0 left on base; Mt. Vernon 2 - Walla Walla 0
TOP OF THE 5TH
Mt. Vernon Bulls batting - Pitching for Walla Walla Walleye : RHP Luis Villabos
Batting: LHB António Rivera 0-0: Called Strike
0-1: Ground out 4-3 (Groundball, 4)
Batting: LHB Enrique Sánchez 0-0: Called Strike
0-1: Ball
1-1: SINGLE (Line Drive, 6MD)
Batting: LHB Álex Ramírez 0-0: Ball
1-0: Called Strike
1-1: Foul Ball, location: 2F
1-2: Fly out, F9 (Line Drive, 89M)
Batting: RHB Orlando Padilla 0-0: Swinging Strike
0-1: Foul Ball, location: 2F
0-2: Foul Ball, location: 2F
0-2: Ball
1-2: Ground out 6-3 (Groundball, 6)
Top of the 5th over - 0 run(s), 1 hit(s), 0 error(s), 1 left on base; Mt. Vernon 2 - Walla Walla 0
BOTTOM OF THE 5TH
Walla Walla Walleye batting - Pitching for Mt. Vernon Bulls : RHP Júlio Rodríguez
Batting: LHB Eugene Henson 0-0: Called Strike
0-1: Fly out, F8 (Flyball, 8RM)
Batting: RHB Luis Campos 0-0: SINGLE (Groundball, 56D)
Batting: LHB César Muñóz 0-0: Foul Ball, location: 2F
0-1: Ball
Luis Campos steals 2nd base
1-1: Ball
2-1: DOUBLE (Line Drive, 3L)
Luis Campos scores
Batting: LHB José Ríos 0-0: Ball
1-0: Called Strike
1-1: Foul Ball, location: 2F
1-2: Foul Ball, location: 2F
1-2: Foul Ball, location: 2F
1-2: Strikes out looking
Batting: RHB Sake van Arem 0-0: Ball
1-0: Ball
2-0: Ball
3-0: Base on Balls
Batting: RHB Tony Farquharson 0-0: Ground out 4-3 (Groundball, 34)
Bottom of the 5th over - 1 run(s), 2 hit(s), 0 error(s), 2 left on base; Mt. Vernon 2 - Walla Walla 1
TOP OF THE 6TH
Mt. Vernon Bulls batting - Pitching for Walla Walla Walleye : RHP Luis Villabos
Batting: LHB Miguel García 0-0: Ball
1-0: Ball
2-0: Ball
3-0: Called Strike
3-1: Ground out 1-3 (Groundball, 15)
Batting: RHB Martín Álvarez 0-0: Ball
1-0: Foul Ball, location: 2F
1-1: Called Strike
1-2: Ball
2-2: Strikes out swinging
Batting: RHB Ludovico Trezza 0-0: Ground out 5-3 (Groundball, 5)
Top of the 6th over - 0 run(s), 0 hit(s), 0 error(s), 0 left on base; Mt. Vernon 2 - Walla Walla 1
BOTTOM OF THE 6TH
Walla Walla Walleye batting - Pitching for Mt. Vernon Bulls : RHP Júlio Rodríguez
Batting: RHB Emílio Ortíz 0-0: Foul Ball, location: 2F
0-1: Called Strike
0-2: Ball
1-2: Foul Ball, location: 2F
1-2: Ball
2-2: Fly out, F8 (Flyball, 78M)
Batting: LHB Miguel Zúñiga 0-0: Ball
1-0: Fly out, F8 (Flyball, 8RM)
Batting: RHB Nelson Flores 0-0: Called Strike
0-1: Foul Ball, location: 2F
0-2: Foul Ball, location: 2F
0-2: Strikes out swinging
Bottom of the 6th over - 0 run(s), 0 hit(s), 0 error(s), 0 left on base; Mt. Vernon 2 - Walla Walla 1
TOP OF THE 7TH
Mt. Vernon Bulls batting - Pitching for Walla Walla Walleye : RHP Luis Villabos
Pitching: LHP Jesús Rosales
Batting: RHB Albert Delgado 0-0: Swinging Strike
0-1: Ball
1-1: Ball
2-1: Ground out 6-3 (Groundball, 6)
Batting: LHB Yun Yen 0-0: SINGLE (Line Drive, 89M)
Pinch Hitting: RHB Jim Unknown 0-0: Ball
1-0: 2-RUN HOME RUN (Line Drive, 7LD), Distance : 364 ft
Batting: LHB Enrique Sánchez 0-0: Ball
1-0: Called Strike
1-1: Called Strike
1-2: Ball
2-2: Strikes out swinging
Batting: LHB Álex Ramírez 0-0: Ball
1-0: Called Strike
1-1: Ball
2-1: Swinging Strike
2-2: Ball
Single, Error in OF, E8, batter to second base
Batting: RHB Orlando Padilla 0-0: Ball
1-0: Ball
2-0: Called Strike
2-1: Foul Ball, location: 2F
2-2: Strikes out looking
Top of the 7th over - 2 run(s), 3 hit(s), 1 error(s), 1 left on base; Mt. Vernon 4 - Walla Walla 1
BOTTOM OF THE 7TH
Walla Walla Walleye batting - Pitching for Mt. Vernon Bulls : RHP Júlio Rodríguez
Now at SS: Joseph Gray
Batting: LHB Eugene Henson 0-0: Ball
1-0: Called Strike
1-1: Ground out 1-3 (Groundball, 23)
Batting: RHB Luis Campos 0-0: Ground out 6-3 (Groundball, 6)
Batting: LHB César Muñóz 0-0: Ball
1-0: Foul Ball, location: 2F
1-1: Ground out U3 (Groundball, 3)
Bottom of the 7th over - 0 run(s), 0 hit(s), 0 error(s), 0 left on base; Mt. Vernon 4 - Walla Walla 1
TOP OF THE 8TH
Mt. Vernon Bulls batting - Pitching for Walla Walla Walleye : LHP Jesús Rosales
Batting: LHB Miguel García 0-0: Foul Ball, location: 2F
0-1: Called Strike
0-2: Ball
1-2: Foul Ball, location: 2F
1-2: Foul Ball, location: 2F
1-2: Foul Ball, location: 2F
1-2: Ball
2-2: Foul Ball, location: 2F
2-2: Ball
3-2: Strikes out looking
Batting: RHB Martín Álvarez 0-0: Ball
1-0: Called Strike
1-1: Ground out 4-3 (Groundball, 34)
Batting: RHB Ludovico Trezza 0-0: Ground out 4-3 (Groundball, 4)
Top of the 8th over - 0 run(s), 0 hit(s), 0 error(s), 0 left on base; Mt. Vernon 4 - Walla Walla 1
BOTTOM OF THE 8TH
Walla Walla Walleye batting - Pitching for Mt. Vernon Bulls : RHP Júlio Rodríguez
Batting: LHB José Ríos 0-0: Called Strike
0-1: Ball
1-1: Ball
2-1: Ball
3-1: Foul Ball, location: 2F
3-2: SINGLE (Groundball, 34D) (infield hit)
Batting: RHB Sake van Arem 0-0: SINGLE (Line Drive, 8LS)
José Ríos to second
Batting: RHB Tony Farquharson 0-0: Foul Ball, location: 2F
0-1: Ball
1-1: Ball
2-1: Ball
3-1: Called Strike
3-2: Base on Balls
José Ríos to third
Sake van Arem to second
Pitching: LHP Stanton Miranda
Batting: RHB Emílio Ortíz 0-0: Called Strike
0-1: Fly out, F7 (Line Drive, 78D)
Runner from 3rd tags up, SCORES, no throw
Batting: LHB Miguel Zúñiga 0-0: Called Strike
0-1: Called Strike
0-2: Strikes out swinging
Pitching: RHP Pedro Poey
Pinch Hitting: RHB Jorge Díaz 0-0: Called Strike
0-1: Ball
1-1: Swinging Strike
1-2: SINGLE (Groundball, 56)
Sake van Arem to third
Tony Farquharson to second
Runner from 3rd tries for Home, SAFE, no throw or cutoff
Pitching: LHP Cal Haber
Pinch Hitting: RHB Jim Unknown 0-0: Called Strike
0-1: Called Strike
0-2: Ball
1-2: Ball
2-2: Fly out, F8 (Flyball, 8RM)
Bottom of the 8th over - 2 run(s), 3 hit(s), 0 error(s), 2 left on base; Mt. Vernon 4 - Walla Walla 3
TOP OF THE 9TH
Mt. Vernon Bulls batting - Pitching for Walla Walla Walleye : LHP Jesús Rosales
Pitching: LHP José Tovar
Now at 3B: Jim Unknown
Now in LF: Jorge Díaz
Batting: RHB Albert Delgado 0-0: Ball
1-0: Swinging Strike
1-1: SINGLE (Flyball, 9LS)
Pinch Hitting: RHB Alfredo Rivera 0-0: Ball
1-0: Ball
2-0: Ball
3-0: Base on Balls
Albert Delgado to second
Pinch Hitting: RHB León Cabrera 0-0: Swinging Strike
0-1: Ground out 1-3 (Groundball, 34S)
Albert Delgado to third
Alfredo Rivera to second
Pinch Hitting: RHB Jim Unknown 0-0: Intentional Walk
Pinch Hitting: RHB Felipe Jiménez 0-0: Fly out, F7 (Line Drive, 78S)
Runner from 3rd tags up, SCORES, throw made
Batting: RHB Orlando Padilla 0-0: Ball
1-0: Foul Ball, location: 2F
1-1: Foul Ball, location: 2F
1-2: DOUBLE (Line Drive, 78M)
Alfredo Rivera scores
Jim Unknown to third
Runner from 3rd tries for Home, throw and OUT!
Top of the 9th over - 2 run(s), 2 hit(s), 0 error(s), 1 left on base; Mt. Vernon 6 - Walla Walla 3
BOTTOM OF THE 9TH
Walla Walla Walleye batting - Pitching for Mt. Vernon Bulls : LHP Cal Haber
Pitching: LHP Miguel Jiménez
Now at 1B: Alfredo Rivera
Now at 2B: Jim Unknown
Now in LF: Franklin Gestel
Now in CF: Felipe Jiménez
Batting: RHB Luis Campos 0-0: Ball
1-0: Foul Ball, location: 2F
1-1: DOUBLE (Line Drive, 6D)
Batting: LHB César Muñóz 0-0: Called Strike
0-1: Swinging Strike
0-2: Fly out, F6 (Line Drive, 6)
Batting: LHB José Ríos 0-0: Called Strike
0-1: SINGLE (Groundball, 4M)
Luis Campos to third
Runner from 3rd tries for Home, SAFE, throw made home
Batting: RHB Sake van Arem 0-0: Grounds into double play, 5-4-3 (Groundball, 5D)
Bottom of the 9th over - 1 run(s), 2 hit(s), 0 error(s), 0 left on base; Mt. Vernon 6 - Walla Walla 4
This league is powered by Out of the Park Baseball, the baseball management simulation game for PC, Mac and Linux
Friday, October 23rd, 2015 - OOTP Baseball 16.9 Build 39